 Dungeon Crawl Stone Soup version 0.31-a0-1591-g515db51633 (webtiles) character file.

Game seed: 11612115419685845287

6652 Salticid the Thaumaturge (level 11, -12/82 HPs)
             Began as a Djinni Ice Elementalist on Jan 6, 2024.
             Mangled by an orc warlord
             ... wielding a +5 broad axe
              (14 damage)
             ... in a bailey.
             The game lasted 00:53:45 (8491 turns).

Salticid the Thaumaturge (Djinni Ice Elementalist)  Turns: 8491, Time: 00:53:45

Health: -12/82     AC:  8    Str: 21    XL:     11   Next: 22%
Gold:   226        EV: 14    Int: 21    God:
                   SH:  0    Dex: 14

rFire   + + +        O - staff of conjuration
rCold   x . .        (no shield)
rNeg    . . .        Y - +3 leather armour
rPois   ∞            J - +1 hat {Stlth+}
rElec   .            (no cloak)
rCorr   .            f - +0 pair of gloves
SInv    .            (boots unavailable)
Will    ++...        i - amulet of Wonder {Faith Harm Str+3}
Stlth   +++          p - ring of Dishonour {rF+ Will+ Str+5}
HPRegen 0.33/turn    K - +6 ring of strength
MPRegen 0.00/turn

%: harm (+30% outgoing, +20% incoming), faith, infuse magic (-13 HP)
@: flying
A: sickness immunity, fire resistance 2, cold vulnerability 1, float, innate
caster, HP casting, extra vitality 1
a: no special abilities


You were in a bailey.
You visited 2 branches of the dungeon, and saw 9 of its levels.
You also visited: Sewer and Bailey.

You collected 394 gold pieces.
You spent 168 gold pieces at shops.

Inventory:

Hand Weapons
 d - a +0 whip
 j - a +0 dagger
 k - a +0 spear
 y - a +0 sling
 H - a +3 hand axe
 P - a +0 trident
 Q - a +0 flail
 R - a +3 hand axe
 S - a +0 quarterstaff
 X - a +1 whip of electrocution
 Z - a +0 broad axe
Missiles
 T - 5 javelins
 U - 7 poisoned darts
 V - 10 boomerangs
Armour
 a - a +0 robe
 f - a +0 pair of gloves (worn)
 o - a +0 leather armour
 q - an orb of guile
 v - an orb of wrath
 A - a +0 scale mail
 C - an orb of mayhem
 I - a +0 ring mail
 J - a +1 hat of stealth (worn)
 L - a +0 helmet
 Y - a +3 leather armour (worn)
Magical Staves
 O - a staff of conjuration (weapon)
Jewellery
 i - the amulet of Wonder (around neck) {Faith Harm Str+3}
   (You acquired it on level 6 of the Dungeon)

   [amulet of faith]

   Faith:     It allows you to gain divine favour quickly.
   Str+3:     It affects your strength (+3).
   Harm:      It increases damage dealt and taken.
 p - the ring of Dishonour (left hand) {rF+ Will+ Str+5}
   (You found it on level 2 of the Dungeon)

   [ring of willpower]

   Str+5:     It affects your strength (+5).
   rF+:       It protects you from fire.
   Will+:     It increases your willpower.
 K - a +6 ring of strength (right hand)
Talismans
 m - a maw talisman
 W - a serpent talisman
Wands
 M - a wand of flame (15)
Scrolls
 b - 2 scrolls of immolation
 g - 2 scrolls of revelation {unknown}
 h - 2 scrolls of brand weapon {unknown}
 l - 4 scrolls of silence {unknown}
 r - 2 scrolls of blinking {unknown}
 s - 7 scrolls of fog
 w - 2 scrolls of noise {unknown}
 x - 2 scrolls of enchant weapon {unknown}
 B - 5 scrolls of teleportation {unknown}
 D - 2 scrolls of poison {unknown}
 G - 3 scrolls of enchant armour {unknown}
 N - 2 scrolls of fear
Potions
 c - a potion of attraction
 e - a potion of enlightenment
 n - a potion of invisibility
 t - 3 potions of mutation
 u - a potion of brilliance
 E - 6 potions of curing
 F - 2 potions of resistance


   Skills:
 + Level 8.8 Fighting
 - Level 6.0 Dodging
 - Level 2.0 Stealth
 * Level 10.6 Spellcasting
 * Level 10.6 Conjurations
 * Level 10.6 Hexes
 * Level 10.6 Summonings
 * Level 10.6 Necromancy
 * Level 10.6 Translocations
 * Level 10.6 Fire Magic
 * Level 10.6 Ice Magic
 * Level 10.6 Air Magic
 * Level 10.6 Earth Magic
 * Level 10.6 Alchemy
 - Level 2.0 Evocations


You knew the following spells:

 Your Spells              Type           Power      Damage    Failure   Level
a - Freeze                Ice            100%       1d10      1%          1
b - Frozen Ramparts       Ice            100%       1d16      1%          3
c - Ozocubu's Armour      Ice            54%        N/A       1%          3
d - Summon Ice Beast      Ice/Summ       54%        N/A       1%          3
e - Summon Small Mammal   Summ           100%       N/A       1%          1
f - Searing Ray           Conj           100%       2d8       1%          2
g - Volatile Blastmotes   Fire/Tloc      100%       2d18      1%          3
h - Passage of Golubria   Tloc           54%        N/A       1%          4
i - Alistair's Intoxicat  Alch           36%        N/A       2%          5
Your spell library was empty.

Dungeon Overview and Level Annotations

Branches:
Dungeon (8/15)             Temple (1/1) D:7           Sewer (visited)
 Bailey (1/1)
   Lair: D:8-11

Altars:
Dithmenos
Fedhas
Gozag
Hepliaklqana
Nemelex Xobeh
Okawaru
Ru
Trog
Uskayaw
Wu Jian
Xom
Yredelemnul
The Shining One

Shops:
D:2 ?


Innate Abilities, Weirdness & Mutations

You are immune to sickness and miasma.
You are immune to poison.
Your flesh is very heat resistant. (rF++)
You are vulnerable to cold. (rC-)
You float through the air rather than walking.
You learn spells naturally, not from books.
Your magical power is your life essence.
You have superior vitality. (+4 MHP)


Message History

The concussive blast engulfs the orc warlord.
The orc warlord is almost dead.
Unknown command.
Unknown command.
Unknown command.
Unknown command.
Unknown command.
Things that are here:
a +0 battleaxe; a +0 chain mail; an orc corpse Unknown command.
Unknown command.
There is an open door here.
Unknown command.
Casting: Volatile Blastmotes (safe; 1% risk of failure)
Confirm with . or Enter, or press ? or * to list all spells.
A cloud of volatile blastmotes flares up around you!
Run!
* * * LOW HITPOINT WARNING * * *
Items here: ))) [[[.
The cloud of blastmotes explodes!
The concussive blast engulfs the orc warlord.
The orc warlord is almost dead.
Things that are here:
a +0 war axe; a +0 leather armour Unknown command.
Casting: Volatile Blastmotes (safe; 1% risk of failure)
Confirm with . or Enter, or press ? or * to list all spells.
Casting: Alistair's Intoxication (dangerous; 2% risk of failure)
Press: ? - help, Dir - look around, f - activate You attempt to intoxicate your foes!
* * * LOW HITPOINT WARNING * * *
Unknown command.
There is a fountain of clear blue water here.
Unknown command.
Aiming: Corrosive Bolt
Press: ? - help, Q - select action, (/) - cycle Shift-Dir - straight line, f - orc warlord
Aim: an orc warlord, wielding a +5 broad axe and wearing a +0 plate armour (almost dead, 83% to hit)
The bolt of acid misses the orc warlord.
The now-empty wand crumbles to dust.
The orc warlord hits you with a +5 broad axe!
You die...

#.).)...# #.. ##)))..##
##. ##)#### ##
##.....## ##. #.......#
#.. ##.......## ##..
#....)....# #...
##....$....## ##...
#.....@)....#######....
##.....o...##.....##...
#......)).#.......#...
##.....))##.......##..
#.....))'.).....$.)..
##.....##........[##.
#######.....⌠..)..##
##.........##
#.........#


You could see an orc warlord.

Vanquished Creatures
  Gastronok (D:8)
  An orc knight (Bailey)
  Joseph (D:7)
  4 yaks (D:8)
  A steam dragon (D:6)
  Pargi (Sewer)
  A water moccasin (D:6)
  A black bear (D:5)
  4 ice beasts
  A sky beast (D:8)
  9 orc warriors (Bailey)
  A phantom (D:5)
  A kobold brigand (D:7)
  A brain worm (Sewer)
  2 scorpions
  2 howler monkeys (D:7)
  3 hounds
  An iguana (D:4)
  Ijyb (D:3)
  An orc wizard (D:6)
  6 gnolls (Bailey)
  2 adders
  A white imp (D:5)
  A ribbon worm (D:2)
  7 dart slugs
  13 orcs
  8 ball pythons
  5 endoplasms
  11 goblins
  18 hobgoblins
  2 quokkas (D:6)
  2 bats (D:3)
  6 frilled lizards
  13 kobolds
  5 rats
138 creatures vanquished.

Vanquished Creatures (collateral kills)
  A kobold demonologist (D:7)
  A steam dragon (D:6)
  A water moccasin (D:8)
  3 orc warriors
  A sky beast (D:7)
  A black bear (D:3)
  An ogre (D:5)
  2 kobold brigands
  2 bullfrogs (D:8)
  A howler monkey (D:6)
  2 bombardier beetles
  2 hounds
  3 orc priests (D:5)
  An iguana (D:4)
  An orc wizard (D:5)
  Robin (D:4)
  4 gnolls
  4 adders
  A ribbon worm (D:2)
  16 orcs
  A ball python (D:3)
  2 endoplasms
  2 giant cockroaches (D:3)
  10 goblins
  5 hobgoblins (D:4)
  2 quokkas
  2 kobolds
  2 rats
75 creatures vanquished.

Grand Total: 213 creatures vanquished

Notes
Turn   | Place    | Note
-------+----------+-------------------------------------------
     0 | D:1      | Salticid the Djinni Ice Elementalist began the quest for
                  | the Orb.
     0 | D:1      | Salticid set off with the following spells memorised:
                  | Freeze, Frozen Ramparts, Ozocubu's Armour, Summon Ice
                  | Beast.
     0 | D:1      | Reached XP level 1. HP: 15/15 MP: 0/0
   240 | D:1      | Reached XP level 2. HP: 19/21 MP: 0/0
   410 | D:1      | Found a faded altar of an unknown god.
   547 | D:1      | Reached XP level 3. HP: 24/25 MP: 0/0
   547 | D:1      | Learned a level 1 spell: Summon Small Mammal
   843 | D:2      | Identified the ring of Dishonour {rF+ Will+ Str+5}
   906 | D:2      | Reached skill level 1 in Fighting
  1307 | D:2      | Found Xohusch's Magic Scroll Shop.
  1313 | D:2      | Reached XP level 4. HP: 28/32 MP: 0/0
  1355 | D:2      | Bought 2 scrolls of identify for 48 gold pieces
  1993 | D:3      | Noticed a black bear
  1997 | D:3      | Noticed Ijyb
  2017 | D:3      | Killed Ijyb
  2018 | D:3      | Reached XP level 5. HP: 25/38 MP: 0/0
  2018 | D:3      | Learned a level 2 spell: Searing Ray
  3186 | D:4      | Reached skill level 5 in Spellcasting
  3186 | D:4      | Reached skill level 5 in Conjurations
  3186 | D:4      | Reached skill level 5 in Hexes
  3186 | D:4      | Reached skill level 5 in Summonings
  3186 | D:4      | Reached skill level 5 in Necromancy
  3186 | D:4      | Reached skill level 5 in Translocations
  3186 | D:4      | Reached skill level 5 in Fire Magic
  3186 | D:4      | Reached skill level 5 in Ice Magic
  3186 | D:4      | Reached skill level 5 in Air Magic
  3186 | D:4      | Reached skill level 5 in Earth Magic
  3186 | D:4      | Reached skill level 5 in Alchemy
  3247 | D:4      | Reached XP level 6. HP: 43/43 MP: 0/0
  3261 | D:4      | Noticed Robin
  3280 | D:4      | Killed Robin
  3533 | D:5      | Entered Level 5 of the Dungeon
  3771 | D:5      | Noticed a black bear
  3780 | D:5      | Killed a black bear
  3781 | D:5      | Reached XP level 7. HP: 47/51 MP: 0/0
  3781 | D:5      | Learned a level 3 spell: Volatile Blastmotes
  4152 | D:5      | Identified the +0 scale mail of Poor Excuses {-Tele Fly
                  | rN+}
  4339 | D:5      | Reached XP level 8. HP: 55/58 MP: 0/0
  4354 | D:5      | Found a shadowy altar of Dithmenos.
  4655 | D:6      | Found a glowing drain.
  4661 | Sewer    | Entered a sewer
  4718 | Sewer    | Noticed Pargi
  4738 | Sewer    | Killed Pargi
  4778 | Sewer    | Reached skill level 5 in Fighting
  5192 | D:6      | Reached skill level 1 in Evocations
  5442 | D:2      | Bought a scroll of fog for 48 gold pieces
  5442 | D:2      | Bought a scroll of identify for 24 gold pieces
  5442 | D:2      | Bought a scroll of fear for 48 gold pieces
  5634 | D:3      | Reached XP level 9. HP: 59/65 MP: 0/0
  5634 | D:3      | Learned a level 4 spell: Passage of Golubria
  5892 | D:6      | Identified a scroll of acquirement
  5893 | D:6      | Acquired the amulet of Wonder {Faith Harm Str+3}
  6363 | D:7      | Noticed a kobold demonologist
  6365 | D:7      | Killed a kobold demonologist
  6563 | D:7      | Found a staircase to the Ecumenical Temple.
  6621 | Temple   | Entered the Ecumenical Temple
  6869 | D:7      | Noticed Joseph
  6881 | D:7      | Killed Joseph
  6882 | D:7      | Reached skill level 5 in Dodging
  7001 | D:7      | Found an ornate altar of the Wu Jian Council.
  7068 | D:7      | Reached XP level 10. HP: 70/73 MP: 0/0
  7497 | D:8      | Noticed Gastronok
  7570 | D:8      | Killed Gastronok
  7786 | D:8      | Found a flagged portal.
  7797 | Bailey   | Entered a bailey
  7910 | Bailey   | Reached skill level 10 in Spellcasting
  7910 | Bailey   | Reached skill level 10 in Conjurations
  7910 | Bailey   | Reached skill level 10 in Hexes
  7910 | Bailey   | Reached skill level 10 in Summonings
  7910 | Bailey   | Reached skill level 10 in Necromancy
  7910 | Bailey   | Reached skill level 10 in Translocations
  7910 | Bailey   | Reached skill level 10 in Fire Magic
  7910 | Bailey   | Reached skill level 10 in Ice Magic
  7910 | Bailey   | Reached skill level 10 in Air Magic
  7910 | Bailey   | Reached skill level 10 in Earth Magic
  7910 | Bailey   | Reached skill level 10 in Alchemy
  8126 | Bailey   | Noticed an orc knight
  8148 | Bailey   | Reached XP level 11. HP: 79/81 MP: 0/0
  8148 | Bailey   | Learned a level 5 spell: Alistair's Intoxication
  8173 | Bailey   | Killed an orc knight
  8369 | Bailey   | Noticed an orc warlord
  8491 | Bailey   | Mangled by an orc warlord

Illustrated notes

Levels and vault maps discovered:
D:1:      roadster_arrival_rocket_large, layout_rooms, basic_ecumenical_altar,
          chequers_hall_statues_wall_a, minmay_misc_feat_encased
D:2:      layout_loops_ring, serial_shops, shop, minmay_between
D:3:      layout_basic, uniq_ijyb
D:4:      layout_loops_ring, uniq_robin
D:5:      layout_loops_ring, nicolae_dithmenos_shadow_blocks
D:6:      layout_gridville, gup_sewer_entry_bubbles
D:7:      layout_loops_cross, marbit_many_paths,
          minmay_temple_entry_enclosed_plants, uniq_joseph
D:8:      layout_cave_pools, minitemple, enter_bailey_6, uniq_gastronok
Temple:   eino_narrow_crystal_temple
Bailey:   bailey_axe_minmay_hex_keep, bailey

Skill      XL: |  1  2  3  4  5  6  7  8  9 10 |
---------------+-------------------------------+-----
Spellcasting   | 4 5 6 7 8 10 | 10.6
Conjurations   | 4 5 6 7 8 10 | 10.6
Hexes          | 4 5 6 7 8 10 | 10.6
Summonings     | 4 5 6 7 8 10 | 10.6
Necromancy     | 4 5 6 7 8 10 | 10.6
Translocations | 4 5 6 7 8 10 | 10.6
Fire Magic     | 4 5 6 7 8 10 | 10.6
Ice Magic      | 4 5 6 7 8 10 | 10.6
Air Magic      | 4 5 6 7 8 10 | 10.6
Earth Magic    | 4 5 6 7 8 10 | 10.6
Alchemy        | 4 5 6 7 8 10 | 10.6
Fighting       | 1 2 3 4 5 6 8 |  8.8
Evocations     | 1 2 |  2.0
Dodging        | 3 5 6 |  6.0
Stealth        | 2 |  2.0

Action                     |  1- 3 |  4- 6 |  7- 9 | 10-12 || total
---------------------------+-------+-------+-------+-------++-------
  Melee: Unarmed           |     1 |       |       |       ||     1
         Spear             |    21 |    63 |    23 |       ||   107
         Punch             |       |       |     2 |       ||     2
         Staff             |       |       |     3 |     7 ||    10
   Cast: Freeze            |    35 |    17 |       |       ||    52
         Summon Small Mamm |     2 |     3 |     4 |       ||     9
         Summon Ice Beast  |     1 |    12 |    19 |    17 ||    49
         Frozen Ramparts   |       |    11 |    14 |     5 ||    30
         Ozocubu's Armour  |       |     7 |     2 |     4 ||    13
         Searing Ray       |       |     1 |    31 |    27 ||    59
         Volatile Blastmot |       |       |       |    21 ||    21
         Alistair's Intoxi |       |       |       |    10 ||    10
  Evoke: Wand              |       |     2 |       |     2 ||     4
    Use: Scroll            |       |     5 |     4 |     1 ||    10
         Potion            |       |       |       |     5 ||     5
   Stab: Sleeping          |     2 |     4 |       |       ||     6
         Distracted        |       |     1 |     1 |       ||     2
 Armour: Robe              |    16 |    29 |    22 |       ||    67
         Scale mail        |       |       |     6 |    21 ||    27
         Leather armour    |       |       |       |    11 ||    11
         Skin              |       |       |       |     1 ||     1
  Dodge: Dodged            |    19 |    43 |    23 |    23 ||   108

Table legend: (Time is in decaauts)
 A = Elapsed time spent in this place.
 B = Non-inter-level travel time spent in this place.
 C = Inter-level travel time spent in this place.
 D = Time resting spent in this place.
 E = Time spent auto-exploring this place.
 F = Levels seen in this place.
 G = Mean time per level.
                   A        B        C        D        E       F      G
               +--------+--------+--------+--------+--------+-----+--------+
         Total |   8535 |   7690 |    845 |    229 |   5403 |  11 |  775.9 |
       Dungeon |   7502 |   6657 |    845 |     87 |   5013 |   8 |  937.8 |
        Temple |      1 |      1 |      0 |      0 |      0 |   1 |    1.0 |
         Sewer |    335 |    335 |      0 |      8 |    227 |   1 |  335.0 |
        Bailey |    695 |    695 |      0 |    134 |    163 |   1 |  695.0 |
               +--------+--------+--------+--------+--------+-----+--------+

Top non-repeatable levels by time:
     D:3: 1192 daAuts
     D:2: 1108 daAuts
     D:5: 1102 daAuts
     D:7: 1084 daAuts
     D:6: 1045 daAuts
     D:4: 874 daAuts
     D:1: 717 daAuts
  Bailey: 695 daAuts
     D:8: 376 daAuts
   Sewer: 335 daAuts
  Temple: 1 daAuts
